 Dungeon Crawl Stone Soup version 0.23-a0-49-gd9f7a49 (webtiles) character file.

516158 Mgcat the Executioner (level 24, -3/225 HPs)
             Began as a Demonspawn Berserker on Aug 7, 2018.
             Was the Champion of Trog.
             Slain by a moth of wrath (5 damage)
             ... on level 3 of the Realm of Zot.
             The game lasted 02:34:06 (49411 turns).

Mgcat the Executioner (Demonspawn Berserker)       Turns: 49411, Time: 02:34:06

Health: -3/225     AC: 31    Str: 26    XL:     24   Next: 1%
Magic:  16/23      EV: 17    Int: 13    God:    Trog [******]
Gold:   4354       SH:  0    Dex: 17    Spells: 23/23 levels left

rFire    + . .     SeeInvis +   U - +11 battleaxe "Kaixuroec" {freeze, +Blink rPois Str-3 Dex-4 Stlth+}
rCold    + . .     Gourm    .   (shield currently unavailable)
rNeg     + + +     Faith    .   N - +8 plate armour of Least Resistance {rPois rN+ Str-4}
rPois    +         Spirit   .   (helmet unavailable)
rElec    +         Reflect  .   I - +0 cloak of Fonaameirch {rElec rF+ Int+4}
rCorr    .         Harm     .   Q - +2 pair of gloves {Str+3}
MR       ++++.     Clarity  +   j - +2 pair of boots
Stlth    +.........             A - macabre finger necklace {rN+}
HPRegen  0.47/turn              M - ring "Gofar" {rElec MR+ Str+3 Slay+2 SInv}
MPRegen  0.18/turn              o - ring "Mena" {Wiz MR++}
                                i - ring of Huonauv {rElec rPois rN+ Slay+6}

@: slowed, very slow
A: hooves 1, horns 3, thin skeletal structure 3, camouflage 1, clarity, cold
resistance 1, deformed body, demonic guardian 3, robust 1, shaggy fur 1, spiny
3, evolution 1, freezing cloud immunity, MP-powered wands
}: 3/15 runes: decaying, serpentine, slimy
a: Berserk, Trog's Hand, Brothers in Arms, Renounce Religion, Evoke Blink


You were on level 3 of the Realm of Zot.
You worshipped Trog.
Trog was exalted by your worship.
You were very full.

You visited 10 branches of the dungeon, and saw 47 of its levels.
You visited 2 bazaars.
You also visited: Labyrinth, Trove and Sewer.

You collected 6672 gold pieces.
You spent 2318 gold pieces at shops.

Inventory:

Hand Weapons
 U - the +11 battleaxe "Kaixuroec" (weapon) {freeze, +Blink rPois Str-3 Dex-4 Stlth+}
   (Trog gifted it to you on level 3 of the Depths)

   It has been specially enchanted to freeze those struck by it, causing extra
   injury to most foes and up to half again as much damage against particularly
   susceptible opponents.
   It can also slow down cold-blooded creatures.
   It affects your strength (-3).
   It affects your dexterity (-4).
   It protects you from poison.
   It lets you blink.
   It makes you more stealthy.
Missiles
 y - a throwing net {=f, !d}
Armour
 j - a +2 pair of boots (worn)
   (You found it on level 4 of the Dungeon)
 D - +2 gold dragon scales
   (You found it on level 2 of the Realm of Zot)
 I - the +0 cloak of Fonaameirch (worn) {rElec rF+ Int+4}
   (You found it on level 6 of the Lair of Beasts)

   It affects your intelligence (+4).
   It protects you from fire.
   It insulates you from electricity.
 N - the +8 plate armour of Least Resistance (worn) {rPois rN+ Str-4}
   (You took it off a tengu warrior on level 1 of the Depths)

   It affects your strength (-4).
   It protects you from poison.
   It protects you from negative energy.
 Q - a +2 pair of gloves of strength (worn)
   (You acquired it on level 2 of the Orcish Mines)
Jewellery
 b - the ring of Fatigue {rPois rF+}
   (You bought it in a shop in a bazaar)

   [ring of protection from fire]

   It protects you from fire.
   It protects you from poison.
 i - the ring of Huonauv (on amulet) {rElec rPois rN+ Slay+6}
   (You found it on level 12 of the Dungeon)

   [ring of positive energy]

   It affects your accuracy and damage with ranged weapons and melee attacks
   (+6).
   It insulates you from electricity.
   It protects you from poison.
   It protects you from negative energy.
 n - the ring of the Imp {rN++ MP+9 Dex-3}
   (You found it in a treasure trove)

   [ring of magical power]

   It affects your dexterity (-3).
   It greatly protects you from negative energy.
   It affects your magic capacity (+9).
 o - the ring "Mena" (right hand) {Wiz MR++}
   (You found it on level 3 of the Depths)

   [ring of wizardry]

   It improves your spell success rate.
   It affects your resistance to hostile enchantments.
 A - the macabre finger necklace (around neck) {rN+}
   (You found it on level 4 of the Swamp)

   [amulet of nothing]

   It protects you from negative energy.
 M - the ring "Gofar" (left hand) {rElec MR+ Str+3 Slay+2 SInv}
   (You found it on level 3 of the Snake Pit)

   [ring of protection from magic]

   It affects your strength (+3).
   It affects your accuracy and damage with ranged weapons and melee attacks
   (+2).
   It insulates you from electricity.
   It affects your resistance to hostile enchantments.
   It lets you see invisible.
 W - an uncursed ring of resist corrosion
   (You found it on level 14 of the Dungeon)
 X - the ring "Bemmuk" {rC+ Dex+3 SInv}
   (You found it on level 5 of the Pits of Slime)

   [ring of dexterity]

   It affects your dexterity (+3).
   It protects you from cold.
   It lets you see invisible.
Wands
 a - a wand of digging (3)
   (You found it on level 4 of the Depths)
 E - a wand of clouds (16)
   (You found it on level 11 of the Dungeon)
 P - a wand of scattershot (2)
   (You found it on level 6 of the Lair of Beasts)
Scrolls
 d - 15 scrolls of remove curse
 e - 2 scrolls of enchant weapon
 l - 6 scrolls of magic mapping {!r}
 s - 16 scrolls of identify
 t - 7 scrolls of fog
 z - 9 scrolls of blinking {!r}
 B - 10 scrolls of fear
 H - 4 scrolls of summoning
 J - a scroll of silence
 O - 6 scrolls of teleportation
Potions
 f - 5 potions of agility
 g - 19 potions of curing
 h - 2 potions of lignification {!q}
 k - 10 potions of invisibility
 m - 5 potions of ambrosia
 p - 4 potions of might
 q - 10 potions of flight
 r - 11 potions of mutation {!q}
 u - a potion of cancellation
 v - 9 potions of heal wounds
 w - 6 potions of haste
 C - 4 potions of resistance
Miscellaneous
 K - a phantom mirror
Comestibles
 c - 62 rations


   Skills:
 * Level 20.4 Fighting
 * Level 24.8 Axes
 * Level 18.0 Armour
 + Level 14.1 Dodging
   Level 2.6 Shields


You had 23 spell levels left.
You didn't know any spells.
Your spell library was empty.

Dungeon Overview and Level Annotations

Branches:
Dungeon (15/15)            Temple (0/1) D:4            Lair (6/6) D:8
  Swamp (4/4) Lair:4        Snake (4/4) Lair:3        Slime (5/5) Lair:6
    Orc (2/2) D:10            Elf (2/3) Orc:2        Vaults (1/5) D:14
 Depths (5/5) D:15            Zot (3/5) Depths:5

Altars:
Cheibriados
Dithmenos
Elyvilon
Fedhas
Kikubaaqudgha
Makhleb
Okawaru
Qazlal
Ru
Sif Muna
Trog
Yredelemnul
The Shining One
Jiyva

Shops:
D:4 *   D:13 [   Orc:2 *!%?   Elf:2 %   Depths:1 :   Depths:5 !%

Portals:
Hell: Depths:1 Depths:2 Depths:3 Depths:4 Depths:5
Abyss: Depths:1 Depths:4 Depths:5
Pandemonium: Depths:3
Ziggurat: Depths:4

Annotations:
D:13 3 runed doors, Weja's ghost, journeyman GnFi
Lair:4 1 runed door, Xodoxeg's ghost, journeyman NaWz
Snake:3 1 runed door


Innate Abilities, Weirdness & Mutations

You have a pair of large horns on your head.
You have an unnaturally thin skeletal structure. (Dex +6, Stealth++)
Your flesh is cold resistant. (rC+)
A powerful demonic guardian rushes to your aid.
You are completely covered in sharp spines.
You are immune to freezing clouds.
You have large cloven feet.
Your skin changes colour to match your surroundings (Stealth+).
You possess an exceptional clarity of mind.
Armour fits poorly on your strangely shaped body.
You are robust. (+10% HP)
You are covered in fur. (AC +1)
You evolve.
You expend magic power (3 MP) to strengthen your wands.


Message History

The red draconian stormcaller roars!
You slice the white draconian!! You freeze the white draconian.
Your headbutt misses the white draconian.
The white draconian is heavily wounded.
Your plate armour of Least Resistance prevents you from hitting the purple draconian monk.
You slice the purple draconian scorcher!!
The purple draconian scorcher seems to slow down.
You freeze the purple draconian scorcher.
You hit the moth of wrath. You freeze the moth of wrath.
The purple draconian monk closely misses you.
The purple draconian monk barely misses you.
The purple draconian monk completely misses you.
The moth of wrath bites you!
The purple draconian monk is struck by your spines.
The purple draconian monk hits you!!
* * * LOW HITPOINT WARNING * * *
The purple draconian monk barely misses you.
The purple draconian monk tail-slaps you but does no damage.
The white draconian hits you with a battleaxe.
* * * LOW HITPOINT WARNING * * *
The moth of wrath is struck by your spines.
The moth of wrath barely misses you.
You open the moth of wrath like a pillowcase!!!
You freeze the moth of wrath!
You kill the moth of wrath!
Trog accepts your kill.
You slash the purple draconian scorcher!
The purple draconian scorcher seems to slow down.
You freeze the purple draconian scorcher.
You slice the purple draconian monk!! You freeze the purple draconian monk.
You hit the white draconian.
A purple draconian comes into view. It is wielding a mace of holy wrath.
The purple draconian monk is struck by your spines.
The purple draconian monk barely misses you.
The purple draconian monk kicks you.
* * * LOW HITPOINT WARNING * * *
The purple draconian monk misses you.
The purple draconian scorcher barely misses you.
The white draconian hits you with a battleaxe!
* * * LOW HITPOINT WARNING * * *
The white draconian hits your cacodemon with a battleaxe.
Really read
z - 11 scrolls of blinking {!r}?
Your blink will be uncontrolled - continue anyway?
The Orb prevents control of your translocation!
You blink.
As you read the scroll of blinking {!r}, it crumbles to dust.
The purple draconian monk completely misses your cacodemon.
The purple draconian monk kicks your cacodemon!
The purple draconian monk tail-slaps your cacodemon!
A purple draconian annihilator comes into view.
It is wielding a rapier of holy wrath.
A yellow draconian comes into view. It is wielding a battleaxe.
The purple draconian monk hits your cacodemon!
The purple draconian monk kicks your cacodemon!!
The purple draconian monk tail-slaps your cacodemon!
Your cacodemon closely misses the purple draconian monk.
Your cacodemon barely misses the purple draconian monk.
The purple draconian annihilator gestures wildly while chanting.
The purple draconian annihilator blinks!
The tentacled monstrosity tentacle-slaps you.
* * * LOW HITPOINT WARNING * * *
The tentacled monstrosity tentacle-slaps you!
* * * LOW HITPOINT WARNING * * *
The tentacled monstrosity tentacle-slaps you but does no damage.
The purple draconian monk hits your cacodemon but does no damage.
The purple draconian monk kicks your cacodemon.
The purple draconian monk tail-slaps your cacodemon but does no damage.
The purple draconian annihilator moves out of view.
Unknown command.
Unknown command.
Really read
z - 10 scrolls of blinking {!r}?
Your blink will be uncontrolled - continue anyway?
The Orb prevents control of your translocation!
You blink.
As you read the scroll of blinking {!r}, it crumbles to dust.
The moth of wrath closely misses you.
The white draconian hits your cacodemon with a battleaxe!!
Your cacodemon dies!
The black draconian annihilator points at you and mumbles some strange words.
The iron shot hits you!
* * * LOW HITPOINT WARNING * * *
The moth of wrath is struck by your spines.
The moth of wrath bites you but does no damage.
The purple draconian scorcher hits you but does no damage.
The purple draconian monk hits you but does no damage.
The purple draconian monk kicks you but does no damage.
The purple draconian monk tail-slaps you.
* * * LOW HITPOINT WARNING * * *
Unknown command.
Unknown command.
Unknown command.
You feel much better.
The purple draconian monk is struck by your spines.
The purple draconian monk hits you!
* * * LOW HITPOINT WARNING * * *
The purple draconian monk kicks you.
* * * LOW HITPOINT WARNING * * *
The purple draconian monk tail-slaps you but does no damage.
The white draconian rages.
The moth of wrath bites you.
You die...

..DD..# ......
....[).## ......
#.....## ####......
#.....## #.......
#..<..###...d.#
####.....##d.q..#
#..........Xq#
........)).y.#
............).q@.#
...?...###.....q..#
#..(..<# #......)..#
#......###%.(.....(.#
#......##..)..$#.....#
#......#......%##......
#........[.....#
.......
#...##.........#
##?....
#....$..#...##...


You could see a tentacled monstrosity, a purple draconian monk (berserk), a
purple draconian, a white draconian (berserk), a red draconian stormcaller, a
black draconian annihilator, a purple draconian scorcher and a moth of wrath.

Vanquished Creatures
  the Royal Jelly (Slime:5)
  A juggernaut (Depths:5)
  A caustic shrike (Depths:4)
  Frederick (Depths:3)
  Vashnia (Snake:4)
  A curse toe (Zot:1)
  5 golden dragons
  Nikola (Swamp:3)
  the Enchantress (Depths:3)
  An electric golem (Zot:2)
  A bone dragon (Depths:5)
  6 tentacled monstrosities
  Rupert (Snake:1)
  Asterion (Depths:3)
  4 liches
  5 quicksilver dragons
  Frances (Elf:1)
  19 acid blobs
  6 death cobs
  Gastronok (D:12)
  A shadow dragon (shapeshifter) (Depths:2)
  6 storm dragons
  7 shadow dragons
  A thorn hunter (Swamp:3)
  2 draconian monks
  10 nagarajas
  2 tengu reavers
  The ghost of Sermion the Severer, an adept GrBe of Trog (Swamp:4)
  12 azure jellies
  3 deep elf sorcerers
  7 fire giants
  3 frost giants
  4 draconian scorchers
  2 ghost moths
  An iron dragon (Depths:5)
  A frost giant (shapeshifter) (Depths:2)
  3 draconian knights
  3 draconian stormcallers (Zot:1)
  3 draconian shifters
  3 orc warlords
  2 draconian annihilators (Zot:1)
  19 very ugly things
  2 spriggan defenders (Depths:4)
  4 war gargoyles (Depths:2)
  2 vampire knights
  10 stone giants
  4 black draconians
  3 deep elf demonologists (Elf:1)
  2 green draconians (Zot:1)
  7 spark wasps
  4 yellow draconians
  6 purple draconians
  A minotaur (Lab)
  2 white draconians (Zot:1)
  A deep elf annihilator (Elf:2)
  3 red draconians
  Snorg (D:14)
  7 fire dragons
  10 crystal guardians (Depths:2)
  2 green deaths (Swamp:4)
  2 ettins
  11 death oozes
  Josephine (Orc:1)
  4 great orbs of eyes
  2 deep elf high priests (Elf:1)
  3 yaktaur captains
  2 rakshasas
  Fannar (Orc:1)
  Erolcha (D:13)
  A hydra (shapeshifter) (Depths:2)
  15 hydras
  21 naga warriors
  4 spriggan air magi
  An ice dragon (Depths:4)
  Harold (Orc:1)
  A catoblepas (Lair:6)
  12 two-headed ogres
  8 alligators
  A ghost crab (Swamp:1)
  9 anacondas
  36 dancing weapons
  A centaur warrior (D:14)
  4 deep troll shamans
  4 death yaks (Lair:6)
  4 tengu warriors
  A two-headed ogre (shapeshifter) (Depths:1)
  A satyr (shapeshifter) (Depths:4)
  13 ogre magi
  3 deep troll earth magi (Depths:1)
  4 orc high priests
  8 shock serpents
  A thrashing horror (Swamp:4)
  A vampire mage (Depths:5)
  A death yak (shapeshifter) (Depths:2)
  22 naga sharpshooters
  A spriggan berserker (Depths:4)
  An iron troll (Depths:4)
  18 deep elf knights
  7 hell knights
  11 skeletal warriors
  3 flayed ghosts
  8 glowing orange brains
  4 salamander mystics (Snake:4)
  An unseen horror (D:9)
  A gelid demonspawn (Depths:3)
  3 wizards (Depths:3)
  A sea snake (shapeshifter) (Depths:3)
  8 naga ritualists
  11 deep trolls
  A shambling mangrove (Swamp:3)
  2 unseen horrors (shapeshifter)
  9 swamp dragons
  7 deep elf archers
  2 orc knights (Orc:2)
  2 necromancers
  A glowing orange brain (shapeshifter) (Depths:4)
  3 lindwurms
  2 harpies (shapeshifter) (Depths:4)
  A phantasmal warrior (D:15)
  10 mana vipers
  4 obsidian statues
  A frost giant zombie (D:15)
  Pikel (D:6)
  8 orc sorcerers
  49 deep elf magi
  7 shining eyes
  11 oklob plants (Zot:1)
  27 ugly things
  4 cyclopes
  4 manticores
  A manticore (shapeshifter) (Depths:4)
  11 salamanders
  14 moths of wrath
  2 elephants (shapeshifter)
  A wolf spider (D:15)
  2 eyes of devastation
  3 elephants (Lair:2)
  9 guardian serpents
  18 naga magi
  2 black mambas (shapeshifter) (Depths:4)
  36 black mambas
  2 orange demons (Swamp:4)
  A frost giant skeleton (D:15)
  2 molten gargoyles (Depths:2)
  9 rime drakes
  2 gargoyles
  2 torpor snails (Lair:5)
  A kobold demonologist (D:12)
  A spiny frog (shapeshifter) (Depths:3)
  11 spiny frogs
  10 komodo dragons
  2 yaktaurs (shapeshifter)
  A rime drake (shapeshifter) (Depths:4)
  12 yaktaurs
  2 komodo dragons (shapeshifter) (Depths:4)
  A red devil (D:9)
  9 meliai
  A queen bee (D:15)
  7 trolls
  8 tyrant leeches
  A wind drake (shapeshifter) (Depths:4)
  8 polar bears (Lair:6)
  A tyrant leech (shapeshifter) (Depths:2)
  A harpy skeleton (D:14)
  A wind drake (Depths:2)
  11 hornets
  A merfolk (shapeshifter) (Depths:4)
  2 fire dragon zombies (D:15)
  A blink frog (shapeshifter) (Depths:1)
  17 blink frogs
  11 bog bodies
  8 raiju
  3 dream sheep (Lair:5)
  11 hippogriffs
  58 slime creatures
  2 large abominations (Swamp:4)
  10 air elementals
  4 wraiths (Orc:1)
  12 spriggans
  18 water elementals
  Eustachio (D:5)
  5 wyverns
  32 yaks
  5 shadows
  A human (shapeshifter) (Depths:4)
  A steam dragon (shapeshifter) (Elf:1)
  2 basilisks
  2 hogs (Swamp:3)
  9 golden eyes (Slime:5)
  A golden eye (shapeshifter) (Depths:2)
  4 hungry ghosts
  6 fire elementals
  17 vampire mosquitoes
  A steam dragon (Lair:6)
  Edmund (D:5)
  9 swamp worms
  60 nagas
  8 wargs
  8 insubstantial wisps
  A soldier ant (D:13)
  An acid dragon (D:15)
  22 water moccasins
  4 porcupines
  A floating eye (Depths:5)
  11 hell hounds
  A hornet zombie (D:15)
  12 swamp drakes
  35 orc warriors
  5 sky beasts
  5 boggarts
  11 black bears (Lair:6)
  5 ice beasts
  11 ogres
  7 eyes of draining
  A boggart (shapeshifter) (Depths:2)
  A phantom (D:3)
  A necrophage (D:9)
  A wolf (shapeshifter) (Depths:2)
  22 wolves
  7 centaurs
  16 crocodiles
  4 big kobolds
  A gnoll sergeant (D:8)
  Blork the orc (D:4)
  11 earth elementals (Depths:2)
  14 bullfrogs
  A wyvern skeleton (D:14)
  A wyvern zombie (D:13)
  A small abomination (Swamp:4)
  5 scorpions
  29 killer bees
  4 wights (D:9)
  8 howler monkeys
  12 crimson imps
  3 centaur zombies
  A jelly (D:12)
  9 hounds
  17 orc priests
  5 centaur skeletons
  2 bullfrog skeletons
  8 iguanas
  Jessica (D:2)
  25 orc wizards
  8 worker ants
  A worker ant (shapeshifter) (Depths:2)
  A bullfrog simulacrum (D:12)
  2 hound zombies
  2 hound skeletons
  Robin (D:4)
  2 worker ant zombies
  17 gnolls
  24 adders
  A river rat (shapeshifter) (Depths:2)
  5 shadow imps
  An adder zombie (D:9)
  3 adder skeletons
  4 worms
  3 leopard geckos
  86 orcs
  5 ball pythons
  12 bats
  10 giant cockroaches
  12 goblins
  10 hobgoblins
  8 jackals
  5 quokkas
  4 frilled lizards
  A jackal zombie (D:8)
  21 kobolds
  A quokka skeleton (D:9)
  8 rats
  4 bushes (Zot:1)
  10 fungi
  15 plants
1833 creatures vanquished.

Vanquished Creatures (collateral kills)
  A Killer Klown (Zot:3)
  A lich (Depths:5)
  2 tentacled monstrosities
  2 death cobs (Zot:3)
  Kirke (Swamp:3)
  2 frost giants
  2 azure jellies (Slime:2)
  A fire giant (Depths:4)
  A draconian shifter (Zot:1)
  3 spriggan defenders (Depths:3)
  A war gargoyle (Depths:2)
  2 stone giants (Depths:1)
  3 very ugly things
  A black draconian (Zot:3)
  A green draconian (Zot:3)
  2 white draconians
  3 yellow draconians (Zot:3)
  A red draconian (Zot:1)
  A green death (Depths:3)
  A death ooze (Slime:5)
  A fire dragon (Lair:6)
  A great orb of eyes (Slime:5)
  2 naga warriors
  2 ice dragons
  3 hydras
  A rakshasa (Depths:1)
  A spriggan air mage (Depths:3)
  A catoblepas (D:13)
  A deep troll shaman (Depths:4)
  2 two-headed ogres
  A dancing weapon (Depths:2)
  2 deep troll earth magi (Depths:1)
  2 naga sharpshooters
  A death yak (Lair:6)
  A spriggan berserker (Depths:3)
  Nergalle (D:10)
  A deep elf knight (Elf:1)
  2 skeletal warriors
  2 salamander mystics (Snake:4)
  2 naga ritualists
  2 deep trolls (Depths:1)
  A swamp dragon (Swamp:4)
  A wizard (Depths:3)
  2 deep elf archers (Elf:1)
  2 orc knights (Orc:2)
  A mana viper (Snake:4)
  5 ugly things
  A manticore (D:13)
  A deep elf mage (Elf:1)
  2 elephants (Lair:2)
  A moth of wrath (Zot:3)
  A salamander (Snake:4)
  2 black mambas
  A spiny frog (shapeshifter) (Depths:4)
  3 spiny frogs
  A kobold demonologist (D:11)
  A centaur skeleton (D:13)
  A komodo dragon (Lair:6)
  2 yaktaurs (Depths:1)
  A rime drake (Lair:6)
  A troll (Orc:1)
  A polar bear (Lair:6)
  2 hornets
  3 slime creatures (Slime:2)
  Prince Ribbit (D:6)
  Grinder (D:4)
  A bog body (Swamp:1)
  3 blink frogs
  10 yaks
  2 spriggans
  An air elemental (Elf:1)
  A basilisk (Lair:6)
  4 hogs (Swamp:3)
  A ynoxinul (Depths:3)
  Grum (Lair:1)
  A chaos spawn (Depths:3)
  5 nagas
  4 hell hounds
  7 orc warriors
  An eye of draining (D:8)
  An ogre (D:11)
  A wolf (Lair:5)
  A boggart (Depths:1)
  2 crocodiles
  2 bullfrogs
  2 killer bees
  A howler monkey (D:11)
  3 orc priests
  5 orc wizards
  An adder (D:5)
  An ooze (D:2)
  8 orcs
  A goblin (D:4)
  3 kobolds (D:11)
  A frilled lizard (D:3)
  2 plants
180 creatures vanquished.

Vanquished Creatures (others)
  A golden dragon (shapeshifter) (Depths:2)
  A deep elf mage (Elf:1)
  A water nymph (shapeshifter) (Depths:2)
  A tyrant leech (Swamp:1)
  A water elemental (Depths:2)
  2 slaves (D:6)
  An orc priest (D:6)
  An orc wizard (Orc:2)
  10 ball lightnings (Depths:2)
  3 orcs
  8 plants
  11 toadstools (Lair:3)
41 creatures vanquished.

Grand Total: 2054 creatures vanquished

Notes
Turn   | Place    | Note
-------+----------+-------------------------------------------
     0 | D:1      | Mgcat the Demonspawn Berserker began the quest for the Orb.
     0 | D:1      | Reached XP level 1. HP: 18/18 MP: 1/1
   371 | D:1      | Reached skill level 2 in Armour
   371 | D:1      | Reached skill level 2 in Dodging
   499 | D:1      | Gained mutation: A weak demonic guardian rushes to your aid. [demonic ancestry]
   499 | D:1      | Reached XP level 2. HP: 22/24 MP: 2/2
   603 | D:1      | Reached skill level 3 in Axes
   977 | D:2      | Noticed Jessica
   980 | D:2      | Killed Jessica
   980 | D:2      | Gained mutation: You have a somewhat thin skeletal structure. (Dex +2, Stealth) [demonic ancestry]
   980 | D:2      | Reached XP level 3. HP: 30/30 MP: 3/3
   987 | D:2      | Found a basalt altar of Yredelemnul.
  1184 | D:2      | Found a stormy altar of Qazlal.
  1254 | D:2      | Reached XP level 4. HP: 33/37 MP: 4/4
  1265 | D:2      | Reached skill level 4 in Fighting
  1334 | D:2      | Reached ** piety under Trog
  1607 | D:2      | Found a deep blue altar of Sif Muna.
  1808 | D:3      | Noticed a phantom
  1810 | D:3      | Gained mutation: You expend magic power (3 MP) to strengthen your wands. [potion of mutation]
  1810 | D:3      | Gained mutation: Your skin changes colour to match your surroundings (Stealth+). [potion of mutation]
  1843 | D:3      | Killed a phantom
  1843 | D:3      | Reached skill level 4 in Axes
  1843 | D:3      | Gained mutation: You have a moderately thin skeletal structure. (Dex +4, Stealth+) [demonic ancestry]
  1843 | D:3      | Reached XP level 5. HP: 30/43 MP: 5/5
  2292 | D:3      | Reached skill level 5 in Fighting
  2426 | D:3      | Found a sacrificial altar of Ru.
  2520 | D:3      | Reached XP level 6. HP: 45/51 MP: 6/6
  2642 | D:4      | Noticed Robin
  2646 | D:4      | Killed Robin
  2648 | D:4      | Reached skill level 5 in Axes
  2650 | D:4      | Reached *** piety under Trog
  2674 | D:4      | Noticed Grinder
  2706 | D:4      | Found Zoenekih's Elemental Accessories.
  2706 | D:4      | Noticed Blork the orc
  2710 | D:4      | Killed Blork the orc
  2711 | D:4      | Reached skill level 6 in Axes
  2716 | D:4      | Gained mutation: You have a pair of small horns on your head. [demonic ancestry]
  2716 | D:4      | Reached XP level 7. HP: 56/56 MP: 7/7
  2854 | D:4      | Killed Grinder
  2854 | D:4      | Reached skill level 7 in Axes
  2941 | D:4      | HP: 21/84 [ogre/giant club (15)]
  3150 | D:4      | Found a glowing drain.
  3183 | Sewer    | Entered a sewer
  3303 | Sewer    | Reached **** piety under Trog
  3591 | D:4      | Found an iron altar of Okawaru.
  3595 | D:4      | Found a bloodstained altar of Trog.
  3677 | D:4      | Found a staircase to the Ecumenical Temple.
  3714 | D:4      | Found a snail-covered altar of Cheibriados.
  3714 | D:4      | Found an ancient bone altar of Kikubaaqudgha.
  3877 | D:5      | Entered Level 5 of the Dungeon
  3921 | D:5      | Reached skill level 8 in Axes
  3921 | D:5      | Gained mutation: A demonic guardian rushes to your aid. [demonic ancestry]
  3921 | D:5      | Reached XP level 8. HP: 59/62 MP: 8/8
  3939 | D:5      | Noticed Edmund
  3949 | D:5      | Killed Edmund
  4074 | D:5      | Noticed Eustachio
  4095 | D:5      | Reached skill level 9 in Axes
  4103 | D:5      | Killed Eustachio
  4103 | D:5      | Received a gift from Trog
  4431 | D:5      | Reached skill level 10 in Axes
  4510 | D:6      | Noticed Prince Ribbit
  4519 | D:6      | Noticed Pikel
  4659 | D:6      | Reached XP level 9. HP: 64/68 MP: 9/9
  4667 | D:6      | Killed Pikel
  4667 | D:6      | Reached skill level 11 in Axes
  4744 | D:6      | HP: 9/68 [Prince Ribbit (13)]
  4747 | D:6      | Killed Prince Ribbit
  5447 | D:7      | Noticed a cyan ugly thing
  5459 | D:7      | Killed a cyan ugly thing
  5818 | D:7      | Reached skill level 12 in Axes
  6297 | D:8      | Gained mutation: You are partially covered in sharp spines. [demonic ancestry]
  6297 | D:8      | Reached XP level 10. HP: 60/74 MP: 5/10
  6432 | D:8      | Reached ***** piety under Trog
  6459 | D:8      | Noticed a two-headed ogre
  6468 | D:8      | Killed a two-headed ogre
  6468 | D:8      | Reached skill level 13 in Axes
  6915 | D:8      | Found a staircase to the Lair.
  7199 | D:8      | Got a steaming large shield
  7224 | D:8      | Identified the +4 large shield "Ekkasedgh" {Str+2 Int+4 Dex+6} (You found it on level 8 of the Dungeon)
  7292 | D:9      | Found a transporter.
  7430 | D:9      | Killed an unseen horror
  7430 | D:9      | Reached skill level 14 in Axes
  7548 | D:9      | Noticed an orange demon
  7550 | D:9      | Noticed a rust devil
  7551 | D:9      | Found a burning altar of Makhleb.
  7551 | D:9      | Noticed a rust devil
  7680 | D:9      | Reached skill level 3 in Armour
  7684 | D:9      | Received a gift from Trog
  7839 | D:9      | Found a blossoming altar of Fedhas.
  8141 | D:9      | Noticed a six-headed hydra
  8167 | D:10     | Entered Level 10 of the Dungeon
  8211 | D:10     | Found a staircase to the Orcish Mines.
  8228 | D:10     | Reached skill level 4 in Armour
  8350 | D:10     | Reached XP level 11. HP: 75/79 MP: 11/11
  8536 | D:10     | Received a gift from Trog
  8656 | D:10     | Reached skill level 5 in Armour
  8922 | D:10     | Noticed Nergalle
  8931 | D:10     | Killed Nergalle
  8931 | D:10     | Reached skill level 3 in Dodging
  9175 | D:11     | Noticed a two-headed ogre
  9183 | D:11     | Killed a two-headed ogre
  9183 | D:11     | Reached skill level 4 in Dodging
  9196 | D:11     | Reached skill level 5 in Dodging
  9207 | D:11     | Reached skill level 1 in Shields
  9211 | D:11     | Noticed a sixfirhy
  9214 | D:11     | HP: 19/79 [sixfirhy[a kobold demonologist] (12)]
  9224 | D:11     | Reached skill level 2 in Shields
  9796 | D:11     | Found a flickering gateway to a bazaar.
  9804 | Bazaar   | Entered a bazaar
  9808 | Bazaar   | Found Veamp's Jewellery Boutique.
  9826 | Bazaar   | Found Atsemuz's Antique Weapon Emporium.
  9843 | Bazaar   | Found Wuzycir's Book Boutique.
  9860 | Bazaar   | Found Goep's Antique Armour Shoppe.
  9882 | Bazaar   | Bought a transparent plate armour for 616 gold pieces
  9892 | Bazaar   | Identified the +6 plate armour of Syndicalism {Regen+} (You bought it in a shop in a bazaar)
  9909 | Bazaar   | Bought a cursed amulet of inaccuracy for 18 gold pieces
  9909 | Bazaar   | Bought a cursed -6 ring of evasion for 18 gold pieces
 10009 | D:11     | Received a gift from Trog
 10248 | Lair:1   | Entered Level 1 of the Lair of Beasts
 10286 | Lair:1   | Noticed an eight-headed hydra
 10293 | Lair:1   | Killed a five-headed hydra
 10350 | Lair:1   | Noticed Grum
 10360 | Lair:1   | Killed Grum
 10419 | Lair:1   | Reached skill level 15 in Axes
 10619 | Lair:1   | Received a gift from Trog
 10825 | Lair:1   | Noticed a six-headed hydra
 10828 | Lair:1   | Killed a four-headed hydra
 10828 | Lair:1   | Reached XP level 12. HP: 80/86 MP: 12/12
 11130 | D:9      | Found a transporter.
 11160 | D:9      | Killed a three-headed hydra
 11256 | D:9      | Got a wavering pewter ring
 11286 | D:9      | Identified the ring of Wonder {+Fly rN+ Str-2 Int+4} (You found it on level 9 of the Dungeon)
 11411 | Lair:2   | Received a gift from Trog
 11501 | Lair:2   | Reached skill level 16 in Axes
 11566 | Lair:2   | HP: 19/85 [rime drake/flash freeze (15)]
 12063 | Lair:3   | Reached skill level 17 in Axes
 12239 | Lair:3   | Found a staircase to the Snake Pit.
 12583 | Lair:3   | Reached XP level 13. HP: 91/91 MP: 13/13
 12696 | Lair:3   | Found a runed door.
 13471 | Lair:4   | Reached ****** piety under Trog
 13509 | Lair:4   | Received a gift from Trog
 13509 | Lair:4   | Reached skill level 18 in Axes
 13542 | Lair:4   | Noticed Xodoxeg's ghost (journeyman NaWz)
 13699 | Lair:4   | Found a runed door.
 13891 | Lair:4   | Found a staircase to the Swamp.
 14892 | Lair:6   | Entered Level 6 of the Lair of Beasts
 14904 | Lair:6   | Reached skill level 19 in Axes
 15446 | Lair:6   | Reached XP level 14. HP: 80/98 MP: 14/14
 15451 | Lair:6   | Received a gift from Trog
 15518 | Lair:6   | Got a steaming cloak
 15529 | Lair:6   | Identified the +0 cloak of Fonaameirch {rElec rF+ Int+4} (You found it on level 6 of the Lair of Beasts)
 15762 | Lair:6   | Found a viscous altar of Jiyva.
 15762 | Lair:6   | Found a staircase to the Slime Pits.
 16210 | Lair:6   | Reached skill level 20 in Axes
 16313 | Lair:6   | Reached skill level 6 in Fighting
 16668 | Orc:1    | Entered Level 1 of the Orcish Mines
 16676 | Orc:1    | Reached skill level 7 in Fighting
 16679 | Orc:1    | Received a gift from Trog
 16773 | Orc:1    | Noticed Fannar
 16782 | Orc:1    | Killed Fannar
 16829 | Orc:1    | Noticed Harold
 16834 | Orc:1    | Noticed an orc warlord
 16839 | Orc:1    | Killed Harold
 16839 | Orc:1    | Reached skill level 8 in Fighting
 16920 | Orc:1    | Killed an orc warlord
 17184 | Orc:2    | Entered Level 2 of the Orcish Mines
 17207 | Orc:2    | Noticed an orc warlord
 17218 | Orc:2    | Killed an orc warlord
 17218 | Orc:2    | Reached skill level 9 in Fighting
 17591 | Orc:2    | Received a gift from Trog
 17681 | Orc:2    | Found a staircase to the Elven Halls.
 17727 | Orc:2    | Reached skill level 10 in Fighting
 17757 | Orc:2    | Found Sokhuh's Assorted Antiques.
 17757 | Orc:2    | Found Itaholag's Distillery.
 17817 | Orc:2    | Found Xasidouh's Food Shop.
 17817 | Orc:2    | Found Borphahi's Magic Scroll Shoppe.
 17830 | Orc:2    | Bought a scroll of enchant weapon for 82 gold pieces
 17830 | Orc:2    | Bought a scroll of acquirement for 572 gold pieces
 17924 | Orc:1    | Noticed Josephine
 17924 | Orc:1    | Noticed an orc warlord
 17931 | Orc:1    | Killed Josephine
 17934 | Orc:1    | Gained mutation: You have a pair of horns on your head. [demonic ancestry]
 17934 | Orc:1    | Reached XP level 15. HP: 115/115 MP: 15/15
 17944 | Orc:1    | Killed an orc warlord
 18224 | D:12     | Received a gift from Trog
 18249 | D:12     | Noticed Gastronok
 18258 | D:12     | Killed Gastronok
 18258 | D:12     | Reached skill level 6 in Armour
 18637 | D:12     | Reached skill level 6 in Dodging
 18779 | D:12     | Paralysed by a hornet for 1 turns
 18994 | D:13     | Found a runed gate.
 18995 | D:13     | Noticed Weja's ghost (journeyman GnFi)
 18996 | D:13     | Found a runed gate.
 18996 | D:13     | Found a runed gate.
 19099 | D:13     | Found Hoqofedi's Armour Shoppe.
 19107 | D:13     | Bought a +2 cloak of poison resistance for 259 gold pieces
 19123 | D:13     | Found a glowing golden altar of the Shining One.
 19127 | D:13     | Found a labyrinth entrance.
 19164 | Lab      | Entered a labyrinth
 19355 | Lab      | Found the +10 large shield of Ignorance {rN+ Int-4}
 19355 | Lab      | Got a twitching garnet amulet
 19382 | D:13     | Identified the amulet "Biuxet Cite" {+Rage rElec rN+ Int+2} (You found it in a labyrinth)
 19674 | D:13     | Noticed Erolcha
 19682 | D:13     | Killed Erolcha
 19999 | D:14     | Reached skill level 11 in Fighting
 20151 | D:14     | Noticed Snorg
 20158 | D:14     | Killed Snorg
 20158 | D:14     | Reached skill level 7 in Armour
 20292 | D:14     | Found a shadowy altar of Dithmenos.
 20595 | D:14     | Found a gate to the Vaults.
 20704 | D:14     | Reached skill level 7 in Dodging
 20719 | D:14     | Noticed a tengu reaver
 20727 | D:14     | Killed a tengu reaver
 20807 | D:15     | Entered Level 15 of the Dungeon
 20807 | D:15     | Found a portal to a secret trove of treasure.
 20979 | Orc:2    | Bought 2 scrolls of teleportation for 66 gold pieces
 20979 | Orc:2    | Bought a scroll of teleportation for 33 gold pieces
 21162 | D:15     | You paid a toll of 14 scrolls of teleportation to enter a treasure trove
 21163 | Trove    | Entered a treasure trove
 21170 | Trove    | Found the +8 Wrath of Trog {antimagic, *Rage}
 21172 | Trove    | Got a polished buckler
 21180 | Trove    | Got a pitted iron ring
 21185 | Trove    | Got a scintillating marble ring
 21196 | Trove    | Identified the ring "Putzuch" {rPois rC+ MP+9 Str-3 Int+4} (You found it in a treasure trove)
 21197 | Trove    | Identified the ring of the Imp {rN++ MP+9 Dex-3} (You found it in a treasure trove)
 21228 | D:15     | Received a gift from Trog
 21520 | D:15     | Reached skill level 8 in Armour
 21524 | D:15     | Gained mutation: You have an unnaturally thin skeletal structure. (Dex +6, Stealth++) [demonic ancestry]
 21524 | D:15     | Reached XP level 16. HP: 79/127 MP: 16/16
 21810 | D:15     | Found an iron altar of Okawaru.
 21869 | D:15     | Received a gift from Trog
 21882 | D:15     | Reached skill level 12 in Fighting
 21883 | D:15     | Found a staircase to the Depths.
 22359 | Swamp:1  | Entered Level 1 of the Swamp
 23100 | Swamp:2  | Reached skill level 9 in Armour
 23317 | Swamp:2  | Reached skill level 8 in Dodging
 23326 | Swamp:2  | Got a warped leather armour
 23740 | Swamp:3  | Noticed a thorn hunter
 23751 | Swamp:3  | Killed a thorn hunter
 23786 | Swamp:3  | Noticed Nikola
 23797 | Swamp:3  | Killed Nikola
 23820 | Swamp:3  | Noticed Kirke
 23830 | Swamp:3  | Killed Kirke
 24174 | Swamp:4  | Entered Level 4 of the Swamp
 24261 | Swamp:4  | Reached skill level 21 in Axes
 24290 | Swamp:4  | Received a gift from Trog
 24555 | Swamp:4  | Reached skill level 13 in Fighting
 24611 | Swamp:4  | Reached skill level 10 in Armour
 24740 | Swamp:4  | Found a runed door.
 24753 | Swamp:4  | Noticed Sermion's ghost (adept GrBe)
 24754 | Swamp:4  | Found the macabre finger necklace {rN+}
 25001 | Swamp:4  | Gained mutation: You have a pair of large horns on your head. [demonic ancestry]
 25001 | Swamp:4  | Reached XP level 17. HP: 136/136 MP: 17/17
 25169 | Swamp:4  | Noticed a tentacled monstrosity
 25180 | Swamp:4  | Killed a tentacled monstrosity
 25198 | Swamp:4  | Got a decaying rune of Zot
 25341 | Snake:1  | Entered Level 1 of the Snake Pit
 25443 | Snake:1  | Noticed Rupert
 25450 | Snake:1  | Killed Rupert
 25845 | Snake:1  | Received a gift from Trog
 25988 | Snake:1  | Reached skill level 9 in Dodging
 26763 | Snake:2  | Reached skill level 11 in Armour
 26773 | Snake:2  | HP: 31/138 [naga sharpshooter/bolt (12)]
 26943 | Snake:2  | Reached skill level 14 in Fighting
 27293 | Snake:3  | Received a gift from Trog
 27296 | Snake:3  | Got a shimmering battleaxe {god gift}
 27297 | Snake:3  | Identified the +6 battleaxe "Ysiwer" {chop, *Corrode Str+3 Int+6 SInv} (Trog gifted it to you on level 3 of the Snake Pit)
 27777 | Snake:3  | Got a transparent ivory ring
 27779 | Snake:3  | Identified the ring "Gofar" {rElec MR+ Str+3 Slay+2 SInv} (You found it on level 3 of the Snake Pit)
 27923 | Snake:3  | Found a runed door.
 28279 | Snake:4  | Entered Level 4 of the Snake Pit
 28302 | Snake:4  | Gained mutation: A powerful demonic guardian rushes to your aid. [demonic ancestry]
 28302 | Snake:4  | Reached XP level 18. HP: 95/146 MP: 18/18
 28438 | Snake:4  | Found a basalt altar of Yredelemnul.
 28549 | Snake:4  | Received a gift from Trog
 28626 | Snake:4  | Got a wavering marble ring
 28798 | Snake:4  | Found a white marble altar of Elyvilon.
 28854 | Snake:4  | Noticed Vashnia
 28865 | Snake:4  | Killed Vashnia
 29115 | Snake:4  | Received a gift from Trog
 29175 | Snake:4  | Reached skill level 12 in Armour
 29294 | Snake:4  | Reached skill level 10 in Dodging
 29357 | Snake:4  | Reached skill level 15 in Fighting
 29471 | Snake:4  | Reached skill level 22 in Axes
 29642 | Snake:4  | Received a gift from Trog
 29726 | Snake:4  | Got a serpentine rune of Zot
 30138 | Vaults:1 | Entered Level 1 of the Vaults
 30517 | Swamp:4  | Killed Sermion's ghost
 30528 | Swamp:4  | Identified the ring "Qinufaf" {Wiz Stlth+} (You took it off a naga on level 4 of the Snake Pit)
 30946 | Depths:1 | Entered Level 1 of the Depths
 30958 | Depths:1 | Found a one-way gate to the infinite horrors of the Abyss.
 30990 | Depths:1 | Reached XP level 19. HP: 140/155 MP: 19/19
 31087 | Depths:1 | Reached skill level 13 in Armour
 31294 | Depths:1 | Found a gateway to Hell.
 31325 | Depths:1 | Received a gift from Trog
 31663 | Depths:1 | Found Cupari's One-of-a-Kind Books.
 31812 | Depths:1 | Found a runed door.
 31815 | Depths:1 | Found a runed door.
 31975 | Depths:1 | Found a burning altar of Makhleb.
 32053 | Depths:1 | Reached skill level 16 in Fighting
 32101 | Depths:1 | Got a smelly plate armour
 32245 | Depths:1 | Got a translucent ring mail
 32278 | Depths:1 | Identified the +8 plate armour of Least Resistance {rPois rN+ Str-4} (You took it off a tengu warrior on level 1 of the Depths)
 32598 | Elf:1    | Entered Level 1 of the Elven Halls
 32685 | Elf:1    | Reached skill level 11 in Dodging
 32735 | Elf:1    | Received a gift from Trog
 32907 | Elf:1    | Noticed Frances
 32926 | Elf:1    | Killed Frances
 33109 | Elf:1    | HP: 39/158 [deep elf knight/arrow (14)]
 33115 | Elf:1    | HP: 29/158 [deep elf mage/bolt of magma (22)]
 33126 | Elf:1    | Received a gift from Trog
 33774 | Elf:2    | Gained mutation: Your flesh is cold resistant. (rC+) [demonic ancestry]
 33774 | Elf:2    | Reached XP level 20. HP: 165/166 MP: 20/20
 33839 | Elf:2    | Reached skill level 14 in Armour
 33922 | Elf:2    | Found a runed gate.
 33922 | Elf:2    | Found a runed gate.
 33922 | Elf:2    | Found a runed gate.
 34080 | Elf:2    | Received a gift from Trog
 34227 | Elf:2    | Found Weriem's Food Boutique.
 35107 | Depths:2 | Reached skill level 17 in Fighting
 35134 | Depths:2 | Received a gift from Trog
 35351 | Depths:2 | Noticed a juggernaut
 35351 | Depths:2 | a juggernaut changed into an iron dragon
 35355 | Depths:2 | Noticed a golden dragon
 35355 | Depths:2 | an iron dragon changed into a golden dragon
 35358 | Depths:2 | a golden dragon changed into an iron giant
 35411 | Depths:2 | Noticed a golden dragon
 35411 | Depths:2 | an alligator snapping turtle changed into a golden dragon
 35413 | Depths:2 | Killed a golden dragon
 35422 | Depths:2 | Reached skill level 23 in Axes
 35512 | Depths:2 | HP: 41/168 [crystal guardian (12)]
 35520 | Depths:2 | HP: 33/168 [crystal guardian/crystal bolt (2)]
 36038 | Depths:2 | Found the +8 lance "Wyrmbane" {slay drac, rPois rF+ rC+ AC+3}
 36106 | Depths:2 | Received a gift from Trog
 36792 | Depths:3 | Got a clouded bronze ring
 36793 | Depths:3 | Identified the ring "Mena" {Wiz MR++} (You found it on level 3 of the Depths)
 37184 | Depths:3 | Noticed Frederick
 37193 | Depths:3 | Killed Frederick
 37193 | Depths:3 | Reached skill level 15 in Armour
 37204 | Depths:3 | Reached skill level 12 in Dodging
 37320 | Depths:3 | Reached XP level 21. HP: 144/175 MP: 21/21
 37404 | Depths:3 | Found a flickering gateway to a bazaar.
 37409 | Bazaar   | Entered a bazaar
 37425 | Bazaar   | Found Ziad's Gadget Emporium.
 37455 | Bazaar   | Found Kaisify's Jewellery Boutique.
 37514 | Bazaar   | Found Nechidgho's Jewellery Emporium.
 37563 | Bazaar   | Found Gohurys's Magic Scroll Emporium.
 37571 | Bazaar   | Bought a scroll of enchant armour for 97 gold pieces
 37723 | Bazaar   | Bought a cursed ring of attention for 72 gold pieces
 37773 | Bazaar   | Bought the ring of Fatigue {rPois rF+} for 325 gold pieces
 37900 | Depths:3 | Noticed the Enchantress
 37913 | Depths:3 | Killed the Enchantress
 37930 | Depths:3 | Found a one-way gate leading to the halls of Pandemonium.
 37999 | Depths:3 | Got faerie dragon scales
 38093 | Depths:3 | Noticed Asterion
 38115 | Depths:3 | Killed Asterion
 38341 | Depths:3 | Received a gift from Trog
 38466 | Depths:3 | Got a polished battleaxe {god gift}
 38467 | Depths:3 | Identified the +11 battleaxe "Kaixuroec" {freeze, +Blink rPois Str-3 Dex-4 Stlth+} (Trog gifted it to you on level 3 of the Depths)
 38508 | Depths:3 | Found a deep blue altar of Sif Muna.
 38579 | Depths:3 | Reached skill level 18 in Fighting
 38791 | Depths:4 | Found a snail-covered altar of Cheibriados.
 38819 | Depths:4 | Noticed a golden dragon
 38832 | Depths:4 | Killed a golden dragon
 39092 | Depths:4 | Noticed a caustic shrike
 39098 | Depths:4 | Killed a caustic shrike
 39257 | Depths:4 | Got a spiked leather armour
 39514 | Depths:4 | Noticed a golden dragon
 39522 | Depths:4 | Killed a golden dragon
 39639 | Depths:4 | Received a gift from Trog
 40012 | Depths:4 | Found a gateway to a ziggurat.
 40257 | Depths:5 | Entered Level 5 of the Depths
 40258 | Depths:5 | Reached skill level 16 in Armour
 40455 | Depths:5 | Gained mutation: You are mostly covered in sharp spines. [demonic ancestry]
 40455 | Depths:5 | Reached XP level 22. HP: 120/185 MP: 22/22
 40755 | Depths:5 | Noticed a golden dragon
 40762 | Depths:5 | Killed a golden dragon
 41062 | Depths:5 | Found Loask's Food Emporium.
 41062 | Depths:5 | Found Luupab's Distillery.
 41190 | Depths:5 | Bought a potion of resistance for 160 gold pieces
 41541 | Depths:5 | Received a gift from Trog
 41549 | Depths:5 | Found a gate to the Realm of Zot.
 41621 | Depths:5 | Noticed a juggernaut
 41631 | Depths:5 | Killed a juggernaut
 42487 | Slime:1  | Entered Level 1 of the Pits of Slime
 42503 | Slime:1  | Reached skill level 13 in Dodging
 42587 | Slime:1  | Received a gift from Trog
 42749 | Slime:1  | Gained mutation: Potions are less effective at restoring your health. [a shining eye]
 42752 | Slime:1  | Gained mutation: You occasionally shout uncontrollably at your foes. [a shining eye]
 42875 | Slime:2  | Reached skill level 19 in Fighting
 42886 | Slime:2  | HP: 42/187 [enormous slime creature (23)]
 42887 | Slime:2  | Reached skill level 24 in Axes
 43518 | Slime:4  | Gained mutation: You are frail. (-10% HP) [a shining eye]
 43684 | Slime:5  | Entered Level 5 of the Pits of Slime
 44235 | Slime:5  | Received a gift from Trog
 44255 | Slime:4  | Gained mutation: You tend to lose your temper in combat. [a shining eye]
 44259 | Slime:4  | Gained mutation: You are dopey. (Int -2) [a shining eye]
 44260 | Slime:4  | Gained mutation: Armour fits poorly on your strangely shaped body. [a shining eye]
 44261 | Slime:4  | Gained mutation: You are very frail. (-20% HP) [a shining eye]
 44263 | Slime:4  | Lost mutation: You are dopey. (Int -2) [potion of mutation]
 44263 | Slime:4  | Lost mutation: You expend magic power (3 MP) to strengthen your wands. [potion of mutation]
 44263 | Slime:4  | Lost mutation: You tend to lose your temper in combat. [potion of mutation]
 44263 | Slime:4  | Gained mutation: You are clumsy. (Dex -2) [potion of mutation]
 44263 | Slime:4  | Lost mutation: You are very frail. (-20% HP) [potion of mutation]
 44263 | Slime:4  | Gained mutation: You expend magic power (3 MP) to strengthen your wands. [potion of mutation]
 44264 | Slime:4  | Lost mutation: You are clumsy. (Dex -2) [potion of mutation]
 44264 | Slime:4  | Lost mutation: You are frail. (-10% HP) [potion of mutation]
 44264 | Slime:4  | Lost mutation: Potions are less effective at restoring your health. [potion of mutation]
 44264 | Slime:4  | Lost mutation: You occasionally shout uncontrollably at your foes. [potion of mutation]
 44264 | Slime:4  | Gained mutation: You are robust. (+10% HP) [potion of mutation]
 44264 | Slime:4  | Gained mutation: You evolve. [potion of mutation]
 44264 | Slime:4  | Gained mutation: You are agile. (Dex +2) [potion of mutation]
 44434 | Slime:5  | Gained mutation: You are weak. (Str -2) [a shining eye]
 44516 | Slime:5  | Found a viscous altar of Jiyva.
 44530 | Slime:5  | Noticed the Royal Jelly
 44548 | Slime:5  | HP: 16/205 [the Royal Jelly (36)]
 44564 | Slime:5  | Killed the Royal Jelly
 44564 | Slime:5  | Reached skill level 17 in Armour
 44577 | Slime:5  | HP: 51/206 [azure jelly[the Royal Jelly] (11)]
 45053 | Slime:5  | Got a slimy rune of Zot
 45102 | Slime:5  | Got a twitching ivory ring
 45132 | Slime:5  | Identified the ring "Bemmuk" {rC+ Dex+3 SInv} (You found it on level 5 of the Pits of Slime)
 45419 | D:10     | Gained mutation: You are very weak. (Str -4) [evolution]
 45448 | D:12     | Lost mutation: You are very weak. (Str -4) [potion of mutation]
 45448 | D:12     | Lost mutation: You are agile. (Dex +2) [potion of mutation]
 45448 | D:12     | Gained mutation: You are covered in fur. (AC +1) [potion of mutation]
 45448 | D:12     | Lost mutation: You are weak. (Str -2) [potion of mutation]
 45448 | D:12     | Gained mutation: You possess an exceptional clarity of mind. [potion of mutation]
 45448 | D:12     | Gained mutation: You have large cloven feet. [potion of mutation]
 45595 | D:12     | Gained mutation: You are completely covered in sharp spines. [demonic ancestry]
 45595 | D:12     | Reached XP level 23. HP: 212/213 MP: 23/23
 45618 | D:12     | Got a shimmering bone ring
 45653 | D:12     | Identified the ring of Huonauv {rElec rPois rN+ Slay+6} (You found it on level 12 of the Dungeon)
 45939 | Zot:1    | Entered Level 1 of the Realm of Zot
 46145 | Zot:1    | Noticed a curse toe
 46152 | Zot:1    | Received a gift from Trog
 46159 | Zot:1    | Killed a curse toe
 48077 | Zot:2    | Reached skill level 20 in Fighting
 48721 | Zot:2    | Received a gift from Trog
 48724 | Zot:2    | Got a pitted battleaxe {god gift}
 48725 | Zot:2    | Identified the +4 battleaxe of Optimality {protect, Dex+5} (Trog gifted it to you on level 2 of the Realm of Zot)
 48989 | Zot:3    | Noticed a Killer Klown
 49350 | Zot:3    | Reached skill level 14 in Dodging
 49372 | Zot:3    | Killed a Killer Klown
 49378 | Zot:3    | Reached skill level 18 in Armour
 49404 | Zot:3    | Gained mutation: You are immune to freezing clouds. [demonic ancestry]
 49404 | Zot:3    | Reached XP level 24. HP: 106/225 MP: 14/23
 49407 | Zot:3    | HP: 56/225 [purple draconian monk (23)]
 49409 | Zot:3    | HP: 25/225 [tentacled monstrosity (8)]
 49410 | Zot:3    | HP: 10/225 [black draconian annihilator/iron shot (15)]
 49411 | Zot:3    | HP: 2/225 [purple draconian monk (6)]
 49411 | Zot:3    | Slain by a moth of wrath

Vault maps used:
D:1:      minmay_arrival_split_and_join
D:2:      old_standard_altar, lemuel_blue_sif_altar, grunt_qazlal_sundering,
          uniq_jessica
D:3:      first_ration, serial_bayou, serial_bayou_pond_e, serial_bayou_pond_c,
          serial_bayou_shore_b, serial_bayou_ford_a, serial_bayou_crossing,
          nicolae_ru_the_path_less_chosen
D:4:      grunt_temple_overflow_bloody_war, gammafunk_temple_overflow_pools,
          lemuel_temple_firewalk_b, gup_sewer_entry_glass,
          nicolae_elemental_shop, uniq_robin, uniq_blork_the_orc, uniq_grinder
D:5:      uniq_edmund, uniq_eustachio
D:6:      serial_bayou_pond_a, uniq_pikel, uniq_prince_ribbit1
D:7:      the_bakery
D:8:      minmay_lair_entry_lava
D:9:      gammafunk_the_bubble, nicolae_overflow_hidden_temple,
          minmay_misc_feat_chi, lemuel_hellish_altar
D:10:     david_orc_3, uniq_nergalle
D:11:     serial_shops, bzr_entry_customers, minmay_misc_feat_pillars,
          nooodl_food_tri
D:12:     minmay_shrinking_squares, minivault_12, uniq_gastronok
D:13:     basic_altar, gammafunk_ghost_hydra_chop, serial_shops, shop,
          lab_entry_generic, uniq_erolcha
D:14:     david_vaults_4, grunt_dithmenos_smoke, minmay_three_doors, uniq_snorg
D:15:     gammafunk_depths_entry_grave, enter_trove_2, serial_glass,
          glass_columns_b, glass_columns_c, feat_on_display,
          minmay_strange_pillars, special_room, okawaru_ov_weapons_minmay,
          portal_ice_cave_rime
Lair:1:   uniq_grum
Lair:3:   gammafunk_lair_enchanted_lake, minmay_snake_entry_six_corridors,
          st_stairs_9
Lair:4:   minmay_swamp_entry_worms, hellmonk_ghost_happy_afterlife,
          eino_small_chamber_without_monster, grunt_megastairs_4
Lair:5:   grunt_megastairs_5
Lair:6:   guppyfry_lair_end_dragon, hangedman_lair_caniforms_friends,
          dpeg_slime_entry_enclosed_altar
Swamp:1:  hangedman_swamp_cone
Swamp:2:  evilmike_swamp_ruin_rubble_1
Swamp:3:  evilmike_swamp_ruin_house_1, uniq_kirke, uniq_nikola
Swamp:4:  swamp_vile, ebering_ghost_reflecting_pool, nicolae_swamp_treefoil
Snake:1:  uniq_rupert
Snake:3:  cheibrodos_toxic_ritual, grunt_ministairs_2
Snake:4:  johnstein_snake_rune_scales, hangedman_feature_mirror, eino_curves_02,
          uniq_vashnia
Slime:4:  nicolae_slime_barrier
Orc:1:    uniq_josephine, uniq_fannar, uniq_harold
Orc:2:    grunt_orc_tribal_feast
Elf:1:    eino_elf_arrival_shootout, hangedman_elf_represent, minivault_4,
          nicolae_elf_w_pinch, st_stairs_13, nicolae_elf_big_sculpture_1,
          serial_sigils_hangedman_carve, lemuel_flamethrower_3, uniq_frances
Elf:2:    serial_shops, nicolae_shop_crystal, spider_trap, grunt_ministairs_7,
          nicolae_elf_m_pinch
Vaults:1: v_alt_pattern_2, grunt_tower_of_power, v_misc_12, vaults_room_octagon,
          vaults_mumra_minichess, v_misc_25, nicolae_vaults_little_squares_4,
          ontoclasm_vaults_hangar, vaults_mumra_minichess_inversion, v_misc_22,
          vaults_room_corners, v_misc_4, vaults_dpeg_hooks,
          grunt_vaults_hallway_short, serial_shops, nicolae_shop_trees, shop
Depths:1: minmay_the_grid_triangle_9x9_rhombus_full, pf_dread_powers_of_hell,
          abyss_entry, basic_loot_grate_trap, nicolae_rare_books
Depths:2: radiant_caverns_a_rkd, serial_shops, hell_entry
Depths:3: evilmike_library_of_no_secrets, pf_coc_iceberg, abandoned_shop,
          serial_shops, bzr_entry_road, rand_demon_pan_entry_5,
          minmay_staircase_statues_hall_large, uniq_enchantress, uniq_frederick,
          uniq_asterion
Depths:4: vault_1, enter_ziggurat_b, serial_bayou_pond_d, hell_entry,
          abyss_entry, hangedman_decor_growths, minmay_strange_pillars,
          cheibriados_altar_1, infiniplex_staircase_spiral_double,
          basic_stair_grate_trap
Depths:5: evilmike_zot_entry_round, serial_sigils_hangedman_leer, hell_entry,
          hangedman_abyss_entry_splay, serial_bayou_shore_a,
          serial_bayou_shore_b, kennysheep_random_hallway,
          infiniplex_staircase_pool_lava, minmay_shoptagon
Zot:1:    grunt_zot_stairs_overgrown
Lab:      labyrinth_hidden_loot, lab_block
Bazaar:   bazaar_jpeg_circle_common, bazaar_minmay_generic_d
Trove:    trove_simple
Sewer:    sewer_fruit_machine

Skill      XL: |  1  2  3  4  5  6  7  8  9 10 11 12 13 14 15 16 17 18 19 20 21 22 23 |
---------------+----------------------------------------------------------------------+-----
Armour         | 2 4 5 8 10 11 12 13 15 16 17 18 | 18.0
Dodging        | 2 5 7 8 9 10 11 12 13 14 | 14.1
Axes           | 3 4 6 8 10 12 14 15 17 19 20 21 22 23 24 | 24.8
Fighting       | 4 5 10 11 13 14 15 16 17 18 19 20 | 20.4
Shields        | 2 |  2.6

Action                   |  1- 3 |  4- 6 |  7- 9 | 10-12 | 13-15 | 16-18 | 19-21 | 22-24 || total
-------------------------+-------+-------+-------+-------+-------+-------+-------+-------++-------
Melee: Hand axe          |    54 |   119 |   285 |   351 |       |       |       |       ||   809
       War axe           |       |    49 |       |       |       |       |       |       ||    49
       Headbutt          |       |       |    63 |   169 |   225 |   264 |   362 |   187 ||  1270
       Battleaxe         |       |       |       |   255 |   891 |   975 |  1055 |   625 ||  3801
Invok: Berserk           |     3 |     4 |     9 |     7 |    18 |     4 |     1 |       ||    46
       Trog's Hand       |       |       |     4 |     2 |    10 |     6 |    11 |     3 ||    36
Evoke: Wand              |       |       |       |     1 |     6 |       |     4 |    26 ||    37
       Phial of floods   |       |       |       |       |     1 |       |     1 |       ||     2
       Box of beasts     |       |       |       |       |     1 |       |       |       ||     1
  Use: Scroll            |       |     9 |    13 |    10 |    10 |     5 |    10 |    11 ||    68
       Potion            |       |     1 |     1 |     4 |     2 |     2 |     4 |     9 ||    23
 Stab: Sleeping          |     2 |     1 |     4 |     1 |       |       |       |       ||     8
       Distracted        |       |     1 |     4 |     5 |     6 |     5 |    11 |     5 ||    37
       Confused          |       |       |       |       |     1 |     2 |     1 |       ||     4
  Eat: Chunk             |     4 |     7 |    20 |    21 |    48 |    26 |    18 |    12 ||   156
       Ration            |       |       |     1 |     3 |       |     5 |     4 |     7 ||    20
Armor: Animal skin       |     2 |       |       |       |       |       |       |       ||     2
       Ring mail         |     3 |       |       |       |       |       |       |       ||     3
       Scale mail        |    10 |    61 |   134 |     1 |       |       |       |       ||   206
       Chain mail        |       |       |       |   103 |       |       |       |       ||   103
       Skin              |       |       |       |    20 |       |       |       |       ||    20
       Plate armour      |       |       |       |   145 |   516 |   525 |   500 |   304 ||  1990
Dodge: Dodged            |    27 |    85 |   136 |   150 |   317 |   431 |   467 |   305 ||  1918
Block: Large shield      |       |       |       |   208 |       |       |       |       ||   208

Table legend:
 A = Spawn XP
 B = Non-spawn XP
 C = Spawn XP percentage of total XP
 D = Spawn monster count
 E = Non-spawn monster count
 F = Spawn count percentage of total count
 G = Total turns spent on level
                    A         B        C        D         E        F      G
               +---------+---------+-------+---------+---------+-------+---------
         Total |       0 |  990395 |   0.0 |       0 |    1963 |   0.0 | 49411
               +---------+---------+-------+---------+---------+-------+---------
           D:1 |       0 |      31 |   0.0 |       0 |      12 |   0.0 |  1099
           D:2 |       0 |      80 |   0.0 |       0 |      16 |   0.0 |   552
           D:3 |       0 |     283 |   0.0 |       0 |      28 |   0.0 |  1041
           D:4 |       0 |     943 |   0.0 |       0 |      45 |   0.0 |   870
           D:5 |       0 |    1138 |   0.0 |       0 |      22 |   0.0 |   633
           D:6 |       0 |    1370 |   0.0 |       0 |      23 |   0.0 |   813
           D:7 |       0 |    1100 |   0.0 |       0 |      21 |   0.0 |   744
           D:8 |       0 |    3349 |   0.0 |       0 |      41 |   0.0 |  1758
           D:9 |       0 |    4269 |   0.0 |       0 |      41 |   0.0 |  1229
          D:10 |       0 |    2670 |   0.0 |       0 |      45 |   0.0 |  1224
          D:11 |       0 |    3862 |   0.0 |       0 |      52 |   0.0 |  1050
          D:12 |       0 |   14979 |   0.0 |       0 |      46 |   0.0 |  1204
          D:13 |       0 |    9695 |   0.0 |       0 |      26 |   0.0 |   942
          D:14 |       0 |   13499 |   0.0 |       0 |      27 |   0.0 |  1356
          D:15 |       0 |   25390 |   0.0 |       0 |      75 |   0.0 |  1186
        Lair:1 |       0 |    5560 |   0.0 |       0 |      21 |   0.0 |  1156
        Lair:2 |       0 |    7577 |   0.0 |       0 |      29 |   0.0 |   743
        Lair:3 |       0 |   10361 |   0.0 |       0 |      52 |   0.0 |  1447
        Lair:4 |       0 |    4930 |   0.0 |       0 |      21 |   0.0 |   932
        Lair:5 |       0 |    8369 |   0.0 |       0 |      38 |   0.0 |   731
        Lair:6 |       0 |   25112 |   0.0 |       0 |      99 |   0.0 |  1665
       Swamp:1 |       0 |   11961 |   0.0 |       0 |      31 |   0.0 |   654
       Swamp:2 |       0 |    6750 |   0.0 |       0 |      17 |   0.0 |   434
       Swamp:3 |       0 |   11545 |   0.0 |       0 |      25 |   0.0 |   840
       Swamp:4 |       0 |   32895 |   0.0 |       0 |      70 |   0.0 |  1216
       Snake:1 |       0 |   19736 |   0.0 |       0 |      26 |   0.0 |  1022
       Snake:2 |       0 |   24048 |   0.0 |       0 |      43 |   0.0 |   995
       Snake:3 |       0 |   17109 |   0.0 |       0 |      32 |   0.0 |  1029
       Snake:4 |       0 |   77586 |   0.0 |       0 |     133 |   0.0 |  1499
       Slime:1 |       0 |   10337 |   0.0 |       0 |       8 |   0.0 |   752
       Slime:2 |       0 |   12861 |   0.0 |       0 |      31 |   0.0 |   269
       Slime:3 |       0 |    1036 |   0.0 |       0 |       3 |   0.0 |   284
       Slime:4 |       0 |    6959 |   0.0 |       0 |       7 |   0.0 |   476
       Slime:5 |       0 |   54850 |   0.0 |       0 |      50 |   0.0 |   968
         Orc:1 |       0 |   13144 |   0.0 |       0 |      62 |   0.0 |   688
         Orc:2 |       0 |   12926 |   0.0 |       0 |      70 |   0.0 |   869
         Elf:1 |       0 |   35196 |   0.0 |       0 |      59 |   0.0 |  1101
         Elf:2 |       0 |   42367 |   0.0 |       0 |      59 |   0.0 |  1082
      Depths:1 |       0 |   65917 |   0.0 |       0 |      80 |   0.0 |  1701
      Depths:2 |       0 |   62712 |   0.0 |       0 |     101 |   0.0 |  1847
      Depths:3 |       0 |   60206 |   0.0 |       0 |      57 |   0.0 |  1265
      Depths:4 |       0 |   62782 |   0.0 |       0 |      59 |   0.0 |  1559
      Depths:5 |       0 |   54553 |   0.0 |       0 |      43 |   0.0 |  1930
         Zot:1 |       0 |   58634 |   0.0 |       0 |      48 |   0.0 |  1986
         Zot:2 |       0 |   50624 |   0.0 |       0 |      24 |   0.0 |  1392
         Zot:3 |       0 |   38147 |   0.0 |       0 |      27 |   0.0 |    94
           Lab |       0 |     907 |   0.0 |       0 |       1 |   0.0 |   216
         Sewer |       0 |      40 |   0.0 |       0 |      17 |   0.0 |   315
               +---------+---------+-------+---------+---------+-------+---------

Vault maps used:
D:1:      minmay_arrival_split_and_join
D:2:      old_standard_altar, lemuel_blue_sif_altar, grunt_qazlal_sundering,
          uniq_jessica
D:3:      first_ration, serial_bayou, serial_bayou_pond_e, serial_bayou_pond_c,
          serial_bayou_shore_b, serial_bayou_ford_a, serial_bayou_crossing,
          nicolae_ru_the_path_less_chosen
D:4:      grunt_temple_overflow_bloody_war, gammafunk_temple_overflow_pools,
          lemuel_temple_firewalk_b, gup_sewer_entry_glass,
          nicolae_elemental_shop, uniq_robin, uniq_blork_the_orc, uniq_grinder
D:5:      uniq_edmund, uniq_eustachio
D:6:      serial_bayou_pond_a, uniq_pikel, uniq_prince_ribbit1
D:7:      the_bakery
D:8:      minmay_lair_entry_lava
D:9:      gammafunk_the_bubble, nicolae_overflow_hidden_temple,
          minmay_misc_feat_chi, lemuel_hellish_altar
D:10:     david_orc_3, uniq_nergalle
D:11:     serial_shops, bzr_entry_customers, minmay_misc_feat_pillars,
          nooodl_food_tri
D:12:     minmay_shrinking_squares, minivault_12, uniq_gastronok
D:13:     basic_altar, gammafunk_ghost_hydra_chop, serial_shops, shop,
          lab_entry_generic, uniq_erolcha
D:14:     david_vaults_4, grunt_dithmenos_smoke, minmay_three_doors, uniq_snorg
D:15:     gammafunk_depths_entry_grave, enter_trove_2, serial_glass,
          glass_columns_b, glass_columns_c, feat_on_display,
          minmay_strange_pillars, special_room, okawaru_ov_weapons_minmay,
          portal_ice_cave_rime
Lair:1:   uniq_grum
Lair:3:   gammafunk_lair_enchanted_lake, minmay_snake_entry_six_corridors,
          st_stairs_9
Lair:4:   minmay_swamp_entry_worms, hellmonk_ghost_happy_afterlife,
          eino_small_chamber_without_monster, grunt_megastairs_4
Lair:5:   grunt_megastairs_5
Lair:6:   guppyfry_lair_end_dragon, hangedman_lair_caniforms_friends,
          dpeg_slime_entry_enclosed_altar
Swamp:1:  hangedman_swamp_cone
Swamp:2:  evilmike_swamp_ruin_rubble_1
Swamp:3:  evilmike_swamp_ruin_house_1, uniq_kirke, uniq_nikola
Swamp:4:  swamp_vile, ebering_ghost_reflecting_pool, nicolae_swamp_treefoil
Snake:1:  uniq_rupert
Snake:3:  cheibrodos_toxic_ritual, grunt_ministairs_2
Snake:4:  johnstein_snake_rune_scales, hangedman_feature_mirror, eino_curves_02,
          uniq_vashnia
Slime:4:  nicolae_slime_barrier
Orc:1:    uniq_josephine, uniq_fannar, uniq_harold
Orc:2:    grunt_orc_tribal_feast
Elf:1:    eino_elf_arrival_shootout, hangedman_elf_represent, minivault_4,
          nicolae_elf_w_pinch, st_stairs_13, nicolae_elf_big_sculpture_1,
          serial_sigils_hangedman_carve, lemuel_flamethrower_3, uniq_frances
Elf:2:    serial_shops, nicolae_shop_crystal, spider_trap, grunt_ministairs_7,
          nicolae_elf_m_pinch
Vaults:1: v_alt_pattern_2, grunt_tower_of_power, v_misc_12, vaults_room_octagon,
          vaults_mumra_minichess, v_misc_25, nicolae_vaults_little_squares_4,
          ontoclasm_vaults_hangar, vaults_mumra_minichess_inversion, v_misc_22,
          vaults_room_corners, v_misc_4, vaults_dpeg_hooks,
          grunt_vaults_hallway_short, serial_shops, nicolae_shop_trees, shop
Depths:1: minmay_the_grid_triangle_9x9_rhombus_full, pf_dread_powers_of_hell,
          abyss_entry, basic_loot_grate_trap, nicolae_rare_books
Depths:2: radiant_caverns_a_rkd, serial_shops, hell_entry
Depths:3: evilmike_library_of_no_secrets, pf_coc_iceberg, abandoned_shop,
          serial_shops, bzr_entry_road, rand_demon_pan_entry_5,
          minmay_staircase_statues_hall_large, uniq_enchantress, uniq_frederick,
          uniq_asterion
Depths:4: vault_1, enter_ziggurat_b, serial_bayou_pond_d, hell_entry,
          abyss_entry, hangedman_decor_growths, minmay_strange_pillars,
          cheibriados_altar_1, infiniplex_staircase_spiral_double,
          basic_stair_grate_trap
Depths:5: evilmike_zot_entry_round, serial_sigils_hangedman_leer, hell_entry,
          hangedman_abyss_entry_splay, serial_bayou_shore_a,
          serial_bayou_shore_b, kennysheep_random_hallway,
          infiniplex_staircase_pool_lava, minmay_shoptagon
Zot:1:    grunt_zot_stairs_overgrown
Lab:      labyrinth_hidden_loot, lab_block
Bazaar:   bazaar_jpeg_circle_common, bazaar_minmay_generic_d
Trove:    trove_simple
Sewer:    sewer_fruit_machine

Table legend:
 A = Turns spent in this place as a percentage of turns spent in the entire game.
 B = Non-inter-level travel turns spent in this place as a percentage of non-inter-level travel turns spent in the entire game.
 C = Inter-level travel turns spent in this place as a percentage of turns spent in this place.
 D = Turns resting spent in this place as a percentage of non-inter-level travel turns spent in this place.
 E = Turns spent auto-exploring this place as a percentage of non-inter-level travel turns spent in this place.
 F = Non-inter-level travel turns spent in this place divided by the number of levels of this place that you've seen.
                   A       B       C       D       E      F
               +-------+-------+-------+-------+-------+----------------------
         Total | 100.0 | 100.0 |  11.4 |  11.0 |  62.9 | 842.2
       Dungeon |  31.8 |  29.6 |  17.5 |   7.7 |  68.2 | 863.4
          Lair |  13.5 |  13.0 |  14.5 |   9.0 |  68.8 | 951.5
         Swamp |   6.4 |   6.4 |  11.3 |   3.0 |  69.9 | 697.0
     Snake Pit |   9.2 |   9.9 |   4.1 |   3.0 |  68.1 | 1089.2
    Slime Pits |   5.6 |   6.0 |   4.4 |  64.4 |   5.2 | 525.6
  Orcish Mines |   3.2 |   3.0 |  15.0 |  10.0 |  57.6 | 662.0
   Elven Halls |   4.4 |   4.8 |   4.2 |   6.5 |  66.3 | 1045.5
        Vaults |   0.0 |   0.0 | 100.0 |   N/A |   N/A |   0.0
        Depths |  16.8 |  17.3 |   8.8 |   4.6 |  67.0 | 1514.0
           Zot |   7.0 |   7.5 |   5.1 |  22.5 |  57.9 | 1098.0
     Labyrinth |   0.4 |   0.5 |   0.0 |   1.9 |   0.0 | 216.0
        Bazaar |   1.0 |   1.2 |   0.0 |   0.0 |  74.0 | 253.5
         Trove |   0.1 |   0.1 |   0.0 |   0.0 |  45.5 |  44.0
         Sewer |   0.6 |   0.7 |   0.0 |   8.3 |  63.8 | 315.0
               +-------+-------+-------+-------+-------+----------------------

Table legend:
 A = Kills in this place as a percentage of kills in entire the game.
 B = Kills by you in this place as a percentage of kills by you in the entire game.
 C = Kills by friends in this place as a percentage of kills by friends in the entire game.
 D = Other kills in this place as a percentage of other kills in the entire game.
 E = Experience gained in this place as a percentage of experience gained in the entire game.
 F = Experience gained in this place divided by the number of levels of this place that you have seen.
                   A       B       C       D       E      F
               +-------+-------+-------+-------+-------+----------------------
         Total | 100.0 | 100.0 | 100.0 | 100.0 | 100.0 | 19046.1
       Dungeon |  26.5 |  26.6 |  25.8 |   0.0 |   8.3 | 5510.5
          Lair |  13.2 |  12.9 |  17.4 |   0.0 |   6.3 | 10318.2
         Swamp |   7.3 |   7.2 |   7.9 |  25.0 |   6.4 | 15787.8
     Snake Pit |  11.9 |  12.2 |   9.6 |   0.0 |  14.0 | 34619.8
    Slime Pits |   5.0 |   5.2 |   3.9 |   0.0 |   8.7 | 17208.6
  Orcish Mines |   6.7 |   6.9 |   4.5 |  25.0 |   2.6 | 13035.0
   Elven Halls |   6.0 |   6.3 |   2.8 |   0.0 |   7.8 | 38781.5
        Depths |  17.3 |  17.0 |  20.2 |  50.0 |  30.9 | 61234.0
           Zot |   5.0 |   4.8 |   7.9 |   0.0 |  14.9 | 49135.0
     Labyrinth |   0.1 |   0.1 |   0.0 |   0.0 |   0.1 | 907.0
         Sewer |   0.9 |   1.0 |   0.0 |   0.0 |   0.0 |  40.0
               +-------+-------+-------+-------+-------+----------------------
